Map: Ley Lines

Players

KimChiLoVer - Winner!

  • Race: Terran Terran
  • Spawn Location: 7:00

VOD

Have the link to the VOD?

Description

Time

  • Played on: Aug. 15, 2025, 9:46 p.m.
  • Length: 10:11
Show
View Real Time Build Order
Export as new Build Order

KimChiLoVer Terran - Winner!

Build Orders: Reaper Expand 

Get SALT Encoding   

  12  0:02  SCV  
  12  0:14  SCV  
  12  0:18  Supply Depot  
  12  0:26  SCV  
  12  0:40  SCV  
  12  0:41  Barracks  
  12  0:45  Refinery  
  12  0:52  SCV  
  12  1:04  SCV  
  12  1:16  SCV  
  12  1:28  Orbital Command  
  12  1:30  Reaper  
  12  1:39  Command Center  
  12  1:48  Supply Depot  
  12  1:55  SCV  
  12  2:02  Marine  
  12  2:05  Factory  
  12  2:10  Refinery, SCV  
  12  2:22  Barracks Reactor  
  12  2:24  SCV  
  12  2:36  SCV  
  12  2:39  Barracks  
  12  2:44  Barracks  
  12  2:49  SCV  
  12  2:50  Orbital Command  
  12  2:53  Factory Tech Lab  
  12  3:01  SCV, Marine x2  
  12  3:13  SCV  
  12  3:19  SCV  
  12  3:25  SCV  
  12  3:33  Command Center  
  12  3:38  Factory Reactor  
  12  3:39  Starport  
  12  3:41  Stimpack  
  12  3:43  Marine  
  12  3:49  SCV  
  12  3:50  SCV  
  12  3:56  Marine  
  12  3:57  Marine x2  
  12  4:01  SCV  
  12  4:02  SCV  
  12  4:06  Engineering Bay  
  12  4:08  Engineering Bay  
  12  4:14  SCV x2  
  12  4:26  SCV x2, Supply Depot, Factory Tech Lab  
  12  4:30  Medivac  
  12  4:35  Terran Infantry Weapons Level 1  
  12  4:38  Terran Infantry Armor Level 1  
  12  4:45  SCV x2, Marine, Medivac  
  12  4:46  Orbital Command  
  12  4:48  Supply Depot  
  12  4:57  Refinery, SCV  
  12  5:02  Armory  
  12  5:06  Barracks  
  12  5:07  Marine x2  
  12  5:09  Barracks  
  12  5:12  Siege Tank  
  12  5:18  Supply Depot  
  12  5:20  Supply Depot  
  12  5:23  Marine x2  
  12  5:25  Orbital Command, Marine  
  12  5:26  Combat Shield  
  12  5:32  Refinery  
  12  5:50  Siege Tank  
  12  5:52  Barracks Tech Lab  
  12  5:54  SCV  
  12  5:56  SCV x2  
  12  6:05  Command Center, Barracks Tech Lab, Barracks Reactor  
  12  6:06  SCV, Marine x3  
  12  6:08  SCV x2  
  12  6:12  Terran Vehicle And Ship Armor Level 1  
  12  6:17  Barracks  
  12  6:20  SCV x2  
  12  6:22  Barracks  
  12  6:24  Marine, Medivac  
  12  6:25  Medivac  
  12  6:37  Marine x3  
  12  6:38  Marine  
  12  6:39  Terran Infantry Weapons Level 2  
  12  6:41  Marine x2  
  12  6:42  Marine  
  12  6:43  SCV  
  12  6:45  Supply Depot  
  12  6:49  Supply Depot  
  12  6:53  Terran Infantry Armor Level 2  
  12  6:55  SCV, Marine, Barracks  
  12  6:57  Refinery  
  12  6:58  SCV  
  12  6:59  Refinery, SCV  
  12  7:06  Barracks Tech Lab  
  12  7:07  SCV  
  12  7:09  Marauder x2, Marine x2  
  12  7:10  Concussive Shells  
  12  7:21  Marauder, Marine x2  
  12  7:24  Barracks Reactor  
  12  7:26  Supply Depot  
  12  7:27  Supply Depot, Marine  
  12  7:30  Marauder  
  12  7:34  Marine  
  12  7:35  Marauder x2  
  12  7:38  Viking  
  12  7:39  Marine  
  12  7:45  Starport  
  12  7:48  SCV x3  
  12  7:58  Supply Depot  
  12  7:59  Supply Depot  
  12  8:00  SCV  
  12  8:02  Siege Tank  
  12  8:06  Barracks Reactor  
  12  8:07  Marine  
  12  8:08  Marauder x2, Marine x4  
  12  8:11  SCV x2  
  12  8:13  Orbital Command  
  12  8:20  Marauder x2, Marine  
  12  8:25  Marine  
  12  8:32  Marauder, Marine x2  
  12  8:33  Starport Reactor, Supply Depot  
  12  8:35  Supply Depot  
  12  8:44  Medivac x2  
  12  8:46  Marine x6  
  12  8:47  Marine x2  
  12  8:58  SCV x3  
  12  9:00  Supply Depot  
  12  9:04  Supply Depot  
  12  9:12  Marauder x2, Marine x5  
  12  9:13  Marine x2  
  12  9:27  Supply Depot  
  12  9:35  SCV x4  
  12  9:38  Supply Depot  
  12  9:40  Supply Depot  
  12  9:46  Marauder x3, Marine x5  
  12  9:47  Marine x2  
  12  9:48  Marine x2  
  12  9:55  SCV x3  
  12  9:56  SCV  
Tags
 
Add a new tag
Caveats
  • Supply blocks, unpowered buildings, or Contaminate may cause inaccurate times.
  • Supply counts are checked every 10 seconds.